 Dungeon Crawl Stone Soup version 0.31-a0-702-gf82c85558f (webtiles) character file.

Game seed: 14097635078119830213

282 qw the Shooter (level 6, -3/39 HPs)
             Began as a Gargoyle Hunter on Sept 8, 2023.
             Was an Initiate of Okawaru.
             Slain by a gnoll
             ... wielding a +0 spear
             ... led by a gnoll bouda
              (5 damage)
             ... on level 4 of the Dungeon.
             The game lasted 00:01:01 (2459 turns).

qw the Shooter (Gargoyle Hunter)                    Turns: 2459, Time: 00:01:02

Health: -3/39      AC: 12    Str: 15    XL:     6   Next: 28%
Magic:  6/6        EV: 11    Int:  9    God:    Okawaru [......]
Gold:   109        SH:  0    Dex: 15    Spells: 5/5 levels left

rFire   . . .        Y - +2 shortbow
rCold   . . .        (shield currently unavailable)
rNeg    + . .        b - +1 ring mail {rPois}
rPois   inf          f - +0 helmet
rElec   +            (no cloak)
rCorr   .            c - +0 pair of gloves
SInv    .            (no boots)
Will    .....        (no amulet)
Stlth   +            (no ring)
HPRegen 0.26/turn    (no ring)
MPRegen 0.10/turn

%: no passive effects
@: about to teleport, weakened
A: sickness immunity, AC +4, negative energy resistance 1, electricity
resistance, torment resistance 1, petrification resistance
a: Renounce Religion


You were on level 4 of the Dungeon.
You worshipped Okawaru.
Okawaru was noncommittal.
You visited 1 branch of the dungeon, and saw 4 of its levels.

You collected 109 gold pieces.


Innate Abilities, Weirdness & Mutations

You are immune to sickness and miasma.
Your stone body is resilient. (AC +4)
You are immune to poison.
You resist negative energy. (rN+)
You are resistant to electric shocks. (rElec)
You are resistant to unholy torment.
You are immune to petrification.


   Skills:
 - Level 4.3 Fighting
 + Level 6.3 Ranged Weapons
 - Level 1.0 Armour
 - Level 1.5 Dodging
 - Level 1.1 Stealth


You had 5 spell levels left.
You didn't know any spells.
Your spell library was empty.

Inventory:

Hand Weapons
 Y - a +2 shortbow (weapon)
Armour
 b - a +1 ring mail of poison resistance (worn)
 c - a +0 pair of gloves (worn)
 f - a +0 helmet (worn)
Jewellery
 d - an amulet of guardian spirit
Scrolls
 a - 3 scrolls of identify
 g - 2 scrolls of teleportation
Potions
 i - a potion of enlightenment
 j - 2 potions of curing

Dungeon Overview and Level Annotations

Branches:
Dungeon (4/15)
 Temple: D:4-7

Altars:
Cheibriados
Dithmenos
Fedhas
Kikubaaqudgha
Okawaru
Wu Jian

Shops:
D:1 !


Message History

You shoot an arrow. The arrow hits the gnoll bouda!
The gnoll bouda is heavily wounded.
The gnoll bouda hits you with a +0 whip!
The gnoll barely misses you.
You shoot an arrow.
The arrow closely misses the gnoll bouda.
The arrow hits the gnoll but does no damage.
The gnoll bouda barely misses you. The gnoll hits you but does no damage.
The gnoll bouda barely misses you.
You shoot an arrow.
The arrow hits the gnoll bouda but does no damage.
The gnoll bouda is heavily wounded.
The gnoll hits you from afar with a +0 spear.
The gnoll bouda barely misses you.
You shoot an arrow. The arrow hits the gnoll bouda.
The gnoll bouda is severely wounded.
The gnoll hits you from afar with a +0 spear.
The gnoll bouda closely misses you. The gnoll barely misses you.
You shoot an arrow.
The arrow barely misses the gnoll bouda.
The arrow completely misses the gnoll.
The gnoll bouda gazes fiercely through you!
You feel your attacks grow feeble.
The gnoll bouda hits you with a +0 whip!
The gnoll hits you but does no damage.
You shoot an arrow. The arrow hits the gnoll bouda.
The gnoll bouda is almost dead.
The gnoll bouda hits you with a +0 whip.
The gnoll hits you from afar with a +0 spear!
2458 ||| READING 3 scrolls of teleportation.
As you read the scroll of teleportation, it crumbles to dust.
You feel strangely unstable.
The gnoll bouda mumbles some strange prayers to its god.
The gnoll bouda is healed somewhat.
The gnoll barely misses you.
You shoot an arrow.
The arrow hits the gnoll bouda but does no damage.
The gnoll bouda is heavily wounded.
The gnoll bouda hits you with a +0 whip!
The gnoll hits you from afar with a +0 spear.
You die...

.# #.....%.#.
## #.###.#.#.
#.#...#.#.
#####.....#)).
#.......#.####
#.#######.#
#.# #.#
#######.# #.#
#gg@....#
#g####### #.
#g #. #g ##


You could see a gnoll bouda and 2 gnolls.

Vanquished Creatures
  A black bear (D:4)
  A scorpion (D:4)
  Ijyb (D:3)
  A gnoll (D:1)
  An adder (D:2)
  A worm (D:2)
  3 dart slugs
  An orc (D:4)
  4 endoplasms
  4 giant cockroaches
  5 goblins
  8 hobgoblins
  7 jackals (D:3)
  3 kobolds (D:2)
  5 quokkas
  8 ball pythons
  9 bats
  2 frilled lizards
  7 rats
72 creatures vanquished.

Notes
Turn   | Place    | Note
-------+----------+-------------------------------------------
     0 | D:1      | qw the Gargoyle Hunter began the quest for the Orb.
     0 | D:1      | Reached XP level 1. HP: 12/12 MP: 1/1
     0 | D:1      | 0 ||| qw: Version: 0.3-a-76-g4403597
     0 | D:1      | 0 ||| qw: Game counter: 946
     0 | D:1      | 0 ||| qw: Melee chars always use a shield: true
     0 | D:1      | 0 ||| qw: God list: Okawaru
     0 | D:1      | 0 ||| qw: Allow faded altars: false
     0 | D:1      | 0 ||| qw: Do Orc after clearing Dungeon:15 true
     0 | D:1      | 0 ||| qw: Do second Lair branch before Depths: true
     0 | D:1      | 0 ||| qw: Lair rune preference: random
     0 | D:1      | 0 ||| qw: Goals: Normal
     0 | D:1      | 0 ||| PLANNING D:1-11
    18 | D:1      | Found Ipe Orizi's Distillery.
    45 | D:1      | 45 ||| SHOPLISTING potion of curing (36 gold, have 0).
    45 | D:1      | 45 ||| SHOPLISTING potion of heal wounds (60 gold, have 0).
   100 | D:1      | Reached XP level 2. HP: 17/17 MP: 2/2
   151 | D:1      | Reached XP level 3. HP: 15/21 MP: 3/3
   153 | D:1      | Reached skill level 5 in Ranged Weapons
   554 | D:1      | 554 ||| UPGRADING to +0 ring mail.
   564 | D:1      | 564 ||| DROPPING +0 leather armour.
   565 | D:1      | 565 ||| READING 2 scrolls labelled BETHO SIRI.
   566 | D:1      | 566 ||| READING 2 scrolls labelled WINARISELO.
   567 | D:1      | 567 ||| READING scroll of enchant weapon.
   567 | D:1      | 567 ||| ENCHANTING +1 shortbow.
   568 | D:1      | 568 ||| READING 3 scrolls labelled DECSOI UDOFF.
   572 | D:1      | 572 ||| READING 2 scrolls labelled ATHU MIYZEH.
   573 | D:1      | 573 ||| DROPPING scroll of butterflies.
   574 | D:1      | 574 ||| DROPPING scroll of fog.
   594 | D:2      | 594 ||| STAIRDANCE
   721 | D:2      | Reached skill level 1 in Armour
   721 | D:2      | Reached XP level 4. HP: 27/27 MP: 4/4
   722 | D:2      | Reached skill level 3 in Fighting
   832 | D:2      | Found a faded altar of an unknown god.
  1366 | D:2      | 1366 ||| UPGRADING to +0 pair of gloves.
  1371 | D:2      | 1371 ||| READING scroll labelled YFIGOLLOBLA.
  1392 | D:2      | 1392 ||| DRINKING 2 blue potions.
  1496 | D:2      | 1496 ||| READING 2 scrolls of identify.
  1496 | D:2      | 1496 ||| IDENTIFYING sapphire potion
  1497 | D:2      | 1497 ||| DROPPING potion of berserk rage.
  1544 | D:3      | Found a shadowy altar of Dithmenos.
  1545 | D:3      | Found a blossoming altar of Fedhas.
  1546 | D:3      | Noticed Ijyb
  1565 | D:3      | Killed Ijyb
  1634 | D:3      | Found an iron altar of Okawaru.
  1637 | D:3      | Found an ornate altar of the Wu Jian Council.
  1638 | D:3      | 1638 ||| PLANNING OKAWARU WORSHIP
  1638 | D:3      | 1638 ||| UPGRADING to +1 ring mail of poison resistance.
  1648 | D:3      | 1648 ||| DROPPING +0 ring mail.
  1649 | D:3      | 1649 ||| READING scroll labelled WOURAT FURCHU.
  1750 | D:3      | 1750 ||| READING 2 scrolls of identify.
  1750 | D:3      | 1750 ||| IDENTIFYING yellow potion
  1751 | D:3      | 1751 ||| DROPPING potion of degeneration.
  1763 | D:3      | Became a worshipper of Warmaster Okawaru
  1764 | D:3      | 1764 ||| PLANNING D:1-11
  1874 | D:3      | Reached XP level 5. HP: 30/32 MP: 5/5
  1945 | D:3      | Found a snail-covered altar of Cheibriados.
  2068 | D:3      | Identified the +3 dagger of Somewhere Else {heavy, Will++
                  | MP+9}
  2151 | D:3      | Found an ancient bone altar of Kikubaaqudgha.
  2177 | D:3      | 2177 ||| DROPPING scarf of shadows.
  2178 | D:3      | 2178 ||| UPGRADING to +0 helmet.
  2183 | D:3      | 2183 ||| DRINKING 2 red potions.
  2184 | D:3      | 2184 ||| READING 4 scrolls of identify.
  2184 | D:3      | 2184 ||| IDENTIFYING orange potion
  2185 | D:3      | 2185 ||| DROPPING potion of attraction.
  2238 | D:4      | Reached skill level 6 in Ranged Weapons
  2343 | D:4      | Noticed a black bear
  2352 | D:4      | Killed a black bear
  2353 | D:4      | Reached XP level 6. HP: 21/39 MP: 6/6
  2448 | D:4      | 2448 ||| Stepping ~*~*~tactically~*~*~ (retreating).
  2457 | D:4      | HP: 8/39 [gnoll/+0 spear[a gnoll bouda] (8)]
  2458 | D:4      | 2458 ||| READING 3 scrolls of teleportation.
  2459 | D:4      | HP: 2/39 [gnoll bouda/+0 whip (7)]
  2459 | D:4      | Slain by a gnoll

Levels and vault maps discovered:
D:1:      ncdulo_smallfort, layout_rooms, serial_shops, nicolae_shop_peninsula,
          minmay_pentomino_r4
D:2:      layout_basic, nicolae_ecumenical_oubliette
D:3:      layout_basic, nicolae_kikubaaqudgha_miasma_corner, lemuel_tele_altar,
          nicolae_overflow_macrodata_refinement, uniq_ijyb
D:4:      layout_basic, minmay_temple_entry_tees

Skill      XL: |  1  2  3  4  5 |
---------------+----------------+-----
Ranged Weapons | 5 6 |  6.3
Armour         | 1 |  1.0
Fighting       | 3 4 |  4.3
Dodging        | |  1.5
Stealth        | |  1.1

Action                     |  1- 3 |  4- 6 || total
---------------------------+-------+-------++-------
   Fire: Shortbow          |    99 |   135 ||   234
    Use: Scroll            |     5 |     6 ||    11
         Potion            |       |     2 ||     2
 Armour: Leather armour    |    22 |       ||    22
         Ring mail         |     3 |    88 ||    91
  Dodge: Dodged            |    16 |    65 ||    81

Table legend:
 A = Non-vault XP
 B = Vault XP
 C = Vault XP percentage of total XP
 D = Non-vault monster count
 E = Vault monster count
 F = Vault count percentage of total count
                 A         B        C        D         E       F
            +---------+---------+-------+---------+---------+-------
      Total |     360 |      43 |  10.7 |      67 |       5 |   6.9
            +---------+---------+-------+---------+---------+-------
        D:1 |      62 |       7 |  10.1 |      28 |       4 |  12.5
        D:2 |      51 |       0 |   0.0 |      19 |       0 |   0.0
        D:3 |      28 |      36 |  56.2 |      16 |       1 |   5.9
        D:4 |     219 |       0 |   0.0 |       4 |       0 |   0.0
            +---------+---------+-------+---------+---------+-------
